 Dungeon Crawl Stone Soup version 0.27-a0-660-g90476cec82 (webtiles) character file.

Game seed: 2982017949602834841

35 kae the Ruffian (level 3, 0/31 HPs)
             Began as a Naga Transmuter on Mar 16, 2021.
             Succumbed to an adder's poison
             ... on level 2 of the Dungeon.
             The game lasted 00:00:55 (1739 turns).

kae the Ruffian (Naga Transmuter)                   Turns: 1739, Time: 00:00:56

Health: 0/31       AC:  2    Str: 13    XL:     3   Next: 35%
Magic:  6/6        EV: 10    Int: 13    God:
Gold:   49         SH:  0    Dex: 11    Spells: 5/6 levels left

rFire    . . .     SeeInvis +     - Unarmed
rCold    . . .     Faith    .   (no shield)
rNeg     . . .     Spirit   .   a - +0 robe
rPois    +         Reflect  .   (helmet currently unavailable)
rElec    .         Harm     .   (no cloak)
rCorr    .         Rampage  .   (no gloves)
Will     .....                  (no barding)
Stlth    +.........             (no amulet)
HPRegen  0.10/turn              (no ring)
MPRegen  0.10/turn              (no ring)

@: lethally poisoned (0 -> -7), appendages (expiring), very slow
A: horns 2, AC +1, large, see invisible, deformed body, poison resistance,
slowness 2, spit poison 1, naga tail 1
a: Spit Poison, End Transformation


You were on level 2 of the Dungeon.
You had temporarily grown beastly horns.
You visited 1 branch of the dungeon, and saw 2 of its levels.

You collected 49 gold pieces.

Inventory:

Armour
 a - a +0 robe (worn)
Scrolls
 b - 5 scrolls of identify {unknown}


   Skills:
 + Level 1.3 Fighting
 + Level 1.9 Dodging
 * Level 3.3 Unarmed Combat
 + Level 2.2 Spellcasting
 * Level 2.5 Transmutations


You had 5 spell levels left.
You knew the following spells:

 Your Spells              Type           Power      Damage    Failure   Level
a - Beastly Appendage     Tmut           16%        N/A       9%          1

Your spell library contained the following spells:

 Spells                   Type           Power      Damage    Failure   Level
 Wereblood                Tmut           8%         N/A       13%         2
 Spider Form              Tmut/Pois      2%         N/A       41%         3
 Ice Form                 Ice/Tmut       4%         N/A       82%         4
 Blade Hands              Tmut           4%         N/A       94%         5


Dungeon Overview and Level Annotations

Branches:
Dungeon (2/15)

Altars:


Innate Abilities, Weirdness & Mutations

You have temporarily grown beastly horns.
Your serpentine skin is tough. (AC +1)
You have supernaturally acute eyesight. (SInv)
Armour fits poorly on your strangely shaped body.
Your system is resistant to poisons. (rPois)
You cover ground very slowly.
You can spit poison.
You have a snake-like lower body.


Message History

Abil: Spit Poison
Press: ? - help, Q - select action, (/) - cycle Shift-Dir - straight line, f/p - adder
Aim: an adder (lightly wounded)
The splash of poison misses the adder.
The adder bites you. x2
You barely miss the adder.
The adder is lightly wounded.
The adder bites you.
You completely miss the adder.
The adder is lightly wounded.
The adder bites you.
You are poisoned.
The adder poisons you!
You can't do that yet.
You can't do that yet.
You closely miss the adder.
You feel sick. The adder closely misses you.
You can't do that yet.
You can't do that yet.
You closely miss the adder.
Your transformation is almost over.
The adder bites you.
* * * LOW HITPOINT WARNING * * *
You are lethally poisoned!
The adder poisons you!
You can't do that yet.
You can't do that yet.
You miss the adder. Your headbutt misses the adder.
* * * LOW HITPOINT WARNING * * *
You feel sick. The adder bites you.
* * * LOW HITPOINT WARNING * * *
The adder barely misses you.
You can't do that yet.
You can't do that yet.
You completely miss the adder. Your headbutt misses the adder.
The adder barely misses you.
You aren't carrying any potions.
You aren't carrying any potions.
You closely miss the adder. Your punch misses the adder.
You have got your breath back.
You die...

#.... ##... #....
... ... #.# #S#
#@# #+# #.# # #.#
#.# .## #.# #.#
..# ##.## #.#
..###...###### #.#
..##.........# #.#
.<..(........###.#
######.##........#


You could see an adder.

Vanquished Creatures
  2 dart slugs (D:1)
  A leopard gecko (D:1)
  3 ball pythons (D:1)
  7 bats (D:1)
  A giant cockroach (D:1)
  5 goblins (D:1)
  A hobgoblin (D:1)
  5 kobolds
  2 frilled lizards (D:1)
  2 rats (D:1)
29 creatures vanquished.

Notes
Turn   | Place    | Note
-------+----------+-------------------------------------------
     0 | D:1      | kae the Naga Transmuter began the quest for the Orb.
     0 | D:1      | Reached XP level 1. HP: 18/18 MP: 3/3
   339 | D:1      | Reached XP level 2. HP: 4/25 MP: 3/5
  1206 | D:1      | Reached XP level 3. HP: 31/31 MP: 4/6
  1737 | D:2      | HP: 1/31 [adder (4)]
  1739 | D:2      | Succumbed to an adder's poison

Illustrated notes

Levels and vault maps discovered:
D:1:      amcnicky_arrival_flooded_fountain, layout_basic
D:2:      layout_loops_corners, st_stairs_3

Action                   || total
-------------------------++-------
Melee: Unarmed           ||    55
       Headbutt          ||     3
       Punch             ||     2
 Cast: Beastly Appendage ||    12
 Abil: Spit Poison       ||    26
Armor: Robe              ||    24
Dodge: Dodged            ||    45

Table legend: (Time is in decaauts)
 A = Elapsed time spent in this place.
 B = Non-inter-level travel time spent in this place.
 C = Inter-level travel time spent in this place.
 D = Time resting spent in this place.
 E = Time spent auto-exploring this place.
 F = Levels seen in this place.
 G = Mean time per level.
                   A        B        C        D        E       F      G
               +--------+--------+--------+--------+--------+-----+--------+
         Total |   1973 |   1965 |      8 |    238 |   1531 |   2 |  986.5 |
       Dungeon |   1973 |   1965 |      8 |    238 |   1531 |   2 |  986.5 |
               +--------+--------+--------+--------+--------+-----+--------+

Top non-repeatable levels by time:
     D:1: 1910 daAuts
     D:2: 63 daAuts
